 Dungeon Crawl Stone Soup version 0.19.4 (webtiles) character file.

1685 kapaex the Slasher (level 9, -5/66 HPs)
             Began as a Human Fighter on Feb 1, 2017.
             Was an Initiate of Okawaru.
             Slain by an orc warrior
             ... wielding a +1 war axe of chopping
              (7 damage)
             ... on level 6 of the Dungeon.
             The game lasted 00:53:58 (6027 turns).

kapaex the Slasher (Human Fighter)                  Turns: 6027, Time: 00:53:59

Health: -5/66      AC: 14    Str: 19    XL:     9   Next: 22%
Magic:  6/6        EV:  4    Int:  9    God:    Okawaru [......]
Gold:   59         SH: 11    Dex: 13    Spells: 0 memorised, 8 levels left

rFire  . . .     SeeInvis +     E - +0 long sword (antimagic)
rCold  + . .     Gourm    .     i - +0 plate armour
rNeg   . . .     Faith    .     c - +1 shield
rPois  .         Spirit   .     (no helmet)
rElec  .         Reflect  .     l - +1 cloak of Terror {rC+ SInv}
rCorr  +         Harm     .     (no gloves)
MR     .....                    (no boots)
Stlth  ..........               n - amulet of magic regeneration
                                u - ring of resist corrosion
                                v - ring of magical power

@: no status effects
A: no striking features
a: Renounce Religion


You were on level 6 of the Dungeon.
You worshipped Okawaru.
Okawaru was noncommittal.
You were not hungry.

You visited 1 branch of the dungeon, and saw 6 of its levels.

You collected 287 gold pieces.
You spent 228 gold pieces at shops.

Inventory:

Hand Weapons
 a - a +0 long sword
 e - a +0 hunting sling
 g - a +3 antimagic dagger
 j - the +7 whip of Kefitwau {venom, +Inv rC+, unknown}
   (You found it on level 4 of the Dungeon)

   It poisons the flesh of those it strikes.
   It protects you from cold.
   It lets you turn invisible.
 m - a +0 club
 r - a +1 dagger of draining
 E - a +0 antimagic long sword (weapon)
 J - a +0 shortbow
Missiles
 d - 8 tomahawks of dispersal
 k - 2 tomahawks (quivered)
 s - 4 poisoned tomahawks
 D - 3 tomahawks of returning
 K - 38 arrows
Armour
 b - a +0 scale mail
 c - a +1 shield (worn)
 i - a +0 plate armour (worn)
 l - the +1 cloak of Terror (worn) {rC+ SInv}
   (You found it on level 4 of the Dungeon)

   It protects you from cold.
   It lets you see invisible.
 t - a +1 leather armour of fire resistance
Rods
 x - a -3 rod of clouds (11/11)
   (You found it on level 3 of the Dungeon)
Jewellery
 n - an amulet of magic regeneration (around neck)
 u - a ring of resist corrosion (right hand)
 v - a ring of magical power (left hand)
Wands
 p - a wand of polymorph (24/24)
Scrolls
 o - 5 scrolls of identify
 q - a scroll of remove curse
 z - a scroll of enchant armour
 G - a scroll of fog
 I - a scroll of enchant weapon {unknown}
Potions
 w - a potion of ambrosia {unknown}
 A - a potion of degeneration {unknown}
 B - 2 potions of flight {unknown}
 C - a potion of heal wounds {unknown}
 L - a potion of brilliance {unknown}
Books
 y - a book of Callings

   Spells                             Type                      Level
   a - Summon Small Mammal            Summoning                    1
   b - Call Imp                       Summoning                    2
   c - Call Canine Familiar           Summoning                    3
   d - Summon Guardian Golem          Hexes/Summoning              3
   e - Summon Lightning Spire         Summoning/Air                4
   f - Summon Ice Beast               Ice/Summoning                4
 M - a book of Cantrips

   Spells                             Type                      Level
   a - Confusing Touch                Hexes                        1
   b - Animate Skeleton               Necromancy                   1
   c - Summon Small Mammal            Summoning                    1
   d - Apportation                    Translocation                1
Comestibles
 f - 3 bread rations
 h - 2 beef jerkies
 F - 3 fruits
 H - 5 chunks of flesh


   Skills:
 + Level 4.6 Fighting
 + Level 7.2 Long Blades
 + Level 1.9 Throwing
 + Level 5.7 Armour
 + Level 0.8 Dodging
 + Level 0.7 Stealth
 + Level 6.4 Shields


You had 8 spell levels left.
You didn't know any spells.

Dungeon Overview and Level Annotations

Branches:
Dungeon (6/15)             Temple (0/1) D:4

Altars:
Dithmenos
Kikubaaqudgha
Okawaru
Yredelemnul

Shops:
D:4 }   D:6 (


Message History

Something hits the withered plant.
The orc warrior hits you with a war axe of chopping!
* * * LOW HITPOINT WARNING * * *
x2
Press: ? - help, v - describe, . - travel, g - get item
Here: an orc warrior, wielding a war axe of chopping and wearing a chain mail (lightly wounded)
A hand axe.
There is something else lying underneath.
The floor, spattered with blood.
Okay, then.
Okay, then.
The orc hits the withered plant but does no damage.
You see here 2 stones.
Your plate armour prevents you from hitting the orc warrior.
The orc warrior is lightly wounded.
The orc warrior hits you with a war axe of chopping!
* * * LOW HITPOINT WARNING * * *
x2 You hit the orc warrior.
The orc warrior is moderately wounded.
The orc warrior hits you with a war axe of chopping!
You die...

######## ###
#......###.# #####
######.####.#..##
#....
..........###_...#
#.### #######.#.#
#....###.#.. #@#.#
#_P⌠...#.#.#
#o#.###.P..#...#.#
#o#>..#_...#...#.#
#o##.###..######.#
#...###.####......
#.##.###.# #.###.#
#.###.#..# #.# #.#
#......#.###.###.#
#(######.........#


You could see an orc warrior and 2 orcs.

Vanquished Creatures
  The ghost of baghtru the Skirmisher, a novice HOFi (D:5)
  A sky beast (D:5)
  An ice beast (D:5)
  2 ogres
  A phantom (D:4)
  A centaur (D:6)
  A big kobold (D:5)
  A howler monkey (D:6)
  A crimson imp (D:5)
  5 hounds
  A jelly (D:5)
  2 orc priests (D:5)
  3 bullfrog skeletons
  An orc wizard (D:4)
  Jessica (D:2)
  An iguana (D:6)
  4 worker ants
  A worker ant zombie (D:5)
  4 adders
  An adder zombie (D:5)
  2 adder skeletons (D:4)
  3 worms
  3 dart slugs
  5 leopard geckos
  25 orcs
  7 giant cockroaches
  5 goblins
  17 hobgoblins
  3 jackals (D:4)
  3 quokkas (D:4)
  5 bats
  8 frilled lizards
  A giant cockroach zombie (D:5)
  A jackal skeleton (D:5)
  13 kobolds
  A leopard gecko skeleton (D:4)
  8 rats
  A plant (D:6)
145 creatures vanquished.

Vanquished Creatures (others)
  A plant (D:3)
1 creature vanquished.

Grand Total: 146 creatures vanquished

Notes
Turn   | Place    | Note
-------+----------+-------------------------------------------
     0 | D:1      | kapaex the Human Fighter began the quest for the Orb.
     0 | D:1      | Reached XP level 1. HP: 18/18 MP: 1/1
   149 | D:1      | Reached XP level 2. HP: 20/24 MP: 2/2
   380 | D:1      | Reached XP level 3. HP: 29/29 MP: 3/3
   772 | D:2      | Noticed Jessica
   810 | D:2      | Killed Jessica
   810 | D:2      | Reached skill level 3 in Long Blades
   810 | D:2      | Reached XP level 4. HP: 33/35 MP: 4/4
  1641 | D:2      | Reached XP level 5. HP: 41/41 MP: 5/5
  1779 | D:3      | Reached skill level 1 in Throwing
  2113 | D:3      | Noticed an ogre
  2118 | D:3      | Killed an ogre
  2118 | D:3      | Reached skill level 4 in Long Blades
  2118 | D:3      | Reached XP level 6. HP: 43/47 MP: 6/6
  2736 | D:4      | Got a transparent whip
  2774 | D:4      | Got a shimmering cloak
  2815 | D:4      | Identified the +1 cloak of Terror {rC+ SInv} (You found it on level 4 of the Dungeon)
  2887 | D:4      | Found Kawk's Gadget Shoppe.
  3046 | D:4      | Noticed a phantom
  3154 | D:4      | Killed a phantom
  3154 | D:4      | Reached XP level 7. HP: 29/53 MP: 7/7
  3422 | D:4      | Found a staircase to the Ecumenical Temple.
  3978 | D:4      | Reached skill level 5 in Long Blades
  4401 | D:5      | Entered Level 5 of the Dungeon
  4693 | D:5      | Reached skill level 5 in Shields
  4693 | D:5      | Reached XP level 8. HP: 22/60 MP: 8/8
  4717 | D:5      | Noticed baghtru's ghost (novice HOFi)
  4751 | D:5      | Killed baghtru's ghost
  4751 | D:5      | Reached skill level 6 in Long Blades
  4751 | D:5      | Reached skill level 5 in Armour
  5260 | D:5      | Reached XP level 9. HP: 36/65 MP: 9/9
  5538 | D:6      | Found Jigeg's Antique Weapon Shoppe.
  5541 | D:6      | Bought a runed long sword for 228 gold pieces
  5600 | D:6      | Found an iron altar of Okawaru.
  5600 | D:6      | Found a basalt altar of Yredelemnul.
  5601 | D:6      | Found a shadowy altar of Dithmenos.
  5641 | D:6      | Became a worshipper of Warmaster Okawaru
  5708 | D:6      | Reached skill level 7 in Long Blades
  5973 | D:6      | Found an ancient bone altar of Kikubaaqudgha.
  6026 | D:6      | HP: 2/66 [orc warrior/war axe of chopping (3)]
  6027 | D:6      | Slain by an orc warrior

Skill      XL: |  1  2  3  4  5  6  7  8  9 |
---------------+----------------------------+-----
Long Blades    | 3 4 5 6 7 |  7.2
Throwing       | 1 |  1.9
Shields        | 4 5 6 |  6.4
Armour         | 4 5 |  5.7
Fighting       | 4 |  4.6
Dodging        | |  0.8
Stealth        | |  0.7

Action                   |  1- 3 |  4- 6 |  7- 9 || total
-------------------------+-------+-------+-------++-------
Melee: Long sword        |    97 |   295 |   382 ||   774
Throw: Tomahawk          |    21 |    22 |     6 ||    49
  Use: Potion            |       |     5 |     1 ||     6
       Scroll            |       |     7 |     2 ||     9
  Eat: Chunk             |       |     8 |     6 ||    14
       Bread ration      |       |       |     1 ||     1
Armor: Plate armour      |    56 |   163 |   238 ||   457
       Scale mail        |     1 |       |       ||     1
Dodge: Dodged            |     6 |    23 |    40 ||    69
Block: Shield            |    42 |   140 |   209 ||   391
       Rpst.: Long sword |     1 |    11 |    11 ||    23
